 Dungeon Crawl Stone Soup version 0.29-a0-1023-g6ae1a4a2c7 (webtiles) character file.

Game seed: 14220923178041188893

7872 zishaf the Fighter (level 11, -3/86 HPs)
             Began as a Djinni Venom Mage on Aug 11, 2022.
             Was a Follower of Dithmenos.
             Shot with a bolt by an orc knight (28 damage)
             ... on level 11 of the Dungeon.
             The game lasted 00:21:26 (13297 turns).

zishaf the Fighter (Djinni Venom Mage)             Turns: 13297, Time: 00:21:27

Health: -3/86      AC:  8    Str:  7    XL:     11   Next: 45%
Gold:   476        EV: 12    Int: 26    God:    Dithmenos [*.....] SH:  6 Dex: 22

rFire   + + .      SeeInvis +   r - +1 dagger (holy)
rCold   . . .      Faith    .   f - +0 buckler
rNeg    . . .      Spirit   .   G - +1 leather armour of the Sun {rC+ rCorr Stlth+}
rPois   ∞          Reflect  .   (no helmet)
rElec   .          Harm     .   y - +2 cloak {rCorr}
rCorr   +          Rampage  .   t - +0 pair of gloves "Gyhi" {Dex+7}
Will    +....                   (boots unavailable)
Stlth   ++++......              (no amulet)
HPRegen 0.24/turn               k - +6 ring of intelligence
MPRegen 0.00/turn               x - ring of see invisible

@: flying, wreathed by umbra
A: sickness immunity, fire resistance 2, cold vulnerability 1, float, innate
caster, HP casting, extra vitality 1
a: Renounce Religion


You were on level 11 of the Dungeon.
You worshipped Dithmenos.
Dithmenos was aware of your devotion.
You visited 2 branches of the dungeon, and saw 12 of its levels.

You collected 753 gold pieces.
You spent 277 gold pieces at shops.

Inventory:

Hand Weapons
 r - a +1 dagger of holy wrath (weapon)
Armour
 a - a +0 robe
 f - a +0 buckler (worn)
 p - a +1 leather armour of fire resistance
 t - the +0 pair of gloves "Gyhi" (worn) {Dex+7}
   (You bought it in a shop on level 4 of the Dungeon)

   Dex:       It affects your dexterity (+7).
 y - a +2 cloak of preservation (worn)
 z - +0 swamp dragon scales
 A - +0 steam dragon scales
 G - the +1 leather armour of the Sun (worn) {rC+ rCorr Stlth+}
   (You found it on level 9 of the Dungeon)

   rC:        It protects you from cold.
   rCorr:     It protects you from acid and corrosion.
   Stlth:     It makes you more stealthy.
Jewellery
 c - a ring of protection from fire
 k - a +6 ring of intelligence (left hand)
 x - a ring of see invisible (right hand)
Wands
 h - a wand of digging (2)
 u - a wand of roots (18)
 C - a wand of quicksilver (7)
 D - a wand of paralysis (8)
 F - a wand of flame (19)
Scrolls
 b - 3 scrolls of torment
 g - 2 scrolls of enchant armour
 i - 9 scrolls of teleportation
 l - a scroll of butterflies
 v - 3 scrolls of vulnerability
 E - a scroll of enchant weapon
 H - a scroll of fear
 I - a scroll of immolation
 J - a scroll of identify
Potions
 d - a potion of mutation
 e - 2 potions of heal wounds
 j - a potion of magic
 m - 5 potions of curing
 n - 2 potions of invisibility
 o - 2 potions of attraction
 q - 2 potions of brilliance
 s - 2 potions of lignification
 w - a potion of resistance
 B - 3 potions of might


   Skills:
 + Level 10.5 Fighting
 - Level 4.0 Armour
 - Level 2.1 Dodging
 - Level 1.5 Stealth
 - Level 5.0 Shields
 + Level 8.8 Spellcasting
 - Level 4.0 Evocations


You had 3 spell levels left.
You knew the following spells:

 Your Spells              Type           Power      Damage    Failure   Level
a - Sting                 Tmut/Pois      100%       1d8       1%          1
b - Poisonous Vapours     Pois/Air       100%       N/A       1%          2
c - Sandblast             Erth           100%       2d20      1%          1
d - Passwall              Tmut/Erth      45%        N/A       1%          2
e - Inner Flame           Hex/Fire       55%        N/A       1%          3
f - Dispel Undead         Necr           55%        3d20      2%          4
g - Hailstorm             Conj/Ice       55%        3d12      2%          4
z - Mephitic Cloud        Conj/Pois/Air  55%        N/A       1%          3
A - Olgreb's Toxic Radia  Pois           55%        N/A       2%          4
Your spell library was empty.

Dungeon Overview and Level Annotations

Branches:
Dungeon (11/15)            Temple (1/1) D:6            Lair (0/5) D:9
    Orc (0/2) D:10

Altars:
Ashenzari
Cheibriados
Dithmenos
Elyvilon
Fedhas
Gozag
Hepliaklqana
Makhleb
Nemelex Xobeh
Okawaru
Qazlal
Ru
Trog
Uskayaw
Wu Jian
Xom
Yredelemnul
Zin
The Shining One

Shops:
D:2 :**(=   D:4 [   D:8 (

Annotations:
D:2 dig shop
D:8 2 transporters, exclusion: oklob plant, FizzleBangTC's ghost, novice MeEE


Innate Abilities, Weirdness & Mutations

You are immune to sickness and miasma.
You are immune to poison.
Your flesh is very heat resistant. (rF++)
You are vulnerable to cold. (rC-)
You float through the air rather than walking.
You learn spells naturally, not from books.
Your magical power is your life essence.
You have superior vitality. (+4 MHP)


Message History

The orc knight hits you with a +3 glaive!!
Casting: Sandblast (safe; 1% risk of failure)
Confirm with . or Enter, or press ? or * to list all spells.
Aiming: Sandblast (safe; 1% risk of failure)
Press: ? - help, Shift-Dir - straight line, f/p - orc knight
Aim: an orc knight, wielding a +3 glaive and wearing a +0 plate armour (severely wounded, very poisoned, umbra, 85% to hit)
The blast of sand hits the orc knight.
The orc knight is severely wounded.
You block the orc knight's attack.
The orc knight roars a battlecry!
The orc warrior goes into a battle-frenzy!
The orc knight unwields a +3 glaive.
The orc knight wields a +0 arbalest.
The orc knight shoots a bolt.
The bolt misses you.
You hear a shout!
You hear a shout!
Dithmenos accepts your kill.
You feel a bit more experienced.
There is an open door here.
The orc knight shoots a bolt.
The bolt hits you but does no damage.
Casting: Sandblast (safe; 1% risk of failure)
Confirm with . or Enter, or press ? or * to list all spells.
Aiming: Sandblast (safe; 1% risk of failure)
Press: ? - help, Shift-Dir - straight line, f/p - orc knight
Aim: an orc knight, wielding a +0 arbalest and wearing a +0 plate armour (severely wounded, poisoned, 85% to hit)
The blast of sand hits the orc knight but does no damage.
The orc knight is severely wounded.
You hear a shout!
The orc knight shoots a bolt.
The bolt hits you!
The orc knight shoots a bolt.
The bolt hits you.
Casting: Sandblast (safe; 1% risk of failure)
Confirm with . or Enter, or press ? or * to list all spells.
Aiming: Sandblast (safe; 1% risk of failure)
Press: ? - help, Shift-Dir - straight line, f/p - orc knight
Aim: an orc knight, wielding a +0 arbalest and wearing a +0 plate armour (almost dead, poisoned, 85% to hit)
The blast of sand hits the orc knight but does no damage.
The orc knight is almost dead.
* * * LOW HITPOINT WARNING * * *
The orc knight looks more healthy.
The orc knight shoots a bolt.
The bolt hits you!!
You die...

....... #.# ?).. #.#
####o# #.# ###o...# #.#
#...#### #.# #O###
####.### #.# #.......
####o######### #.....<.
#......@.....####.......
#............##.........
#............##.#.......
+..........?.'..#.......
#............####.......
#......>....<# #..[....
############## ########


You could see an orc knight.

Vanquished Creatures
  A hydra (D:11)
  Maggie (D:6)
  A gargoyle (D:10)
  Psyche (D:8)
  2 hornets
  A troll (D:9)
  A shadow (D:10)
  3 wyverns
  A wraith (D:11)
  3 yaks (D:10)
  2 vampire mosquitoes (D:10)
  A steam dragon (D:7)
  A water moccasin (D:8)
  9 orc warriors
  2 black bears
  A sky beast (D:7)
  3 centaurs
  3 ogres
  A phantom (D:4)
  3 kobold brigands
  Blork the orc (D:4)
  A gnoll sergeant (D:10)
  5 bullfrogs
  3 scorpions
  12 killer bees
  7 howler monkeys
  2 hounds
  3 orc priests
  A gnoll bouda (D:8)
  Crazy Yiuf (D:5)
  A jelly (D:6)
  4 iguanas
  6 orc wizards
  8 adders
  12 gnolls
  2 shadow imps
  A white imp (D:7)
  2 worms
  4 dart slugs
  35 orcs
  4 ball pythons
  6 bats
  6 endoplasms
  4 giant cockroaches
  6 goblins
  8 hobgoblins
  3 jackals (D:3)
  5 quokkas
  5 frilled lizards
  10 kobolds
  3 rats
212 creatures vanquished.

Notes
Turn   | Place    | Note
-------+----------+-------------------------------------------
     0 | D:1      | zishaf the Djinni Venom Mage began the quest for the Orb.
     0 | D:1      | zishaf set off with the following spells memorised: Sting,
                  | Poisonous Vapours, Mephitic Cloud, Olgreb's Toxic Radiance.
     0 | D:1      | Reached XP level 1. HP: 15/15 MP: 0/0
   181 | D:1      | Found a faded altar of an unknown god.
   238 | D:1      | Reached XP level 2. HP: 20/22 MP: 0/0
   516 | D:1      | Reached skill level 1 in Fighting
   615 | D:1      | Reached XP level 3. HP: 2/27 MP: 0/0
   615 | D:1      | Learned a level 1 spell: Sandblast
  1509 | D:2      | Found Wuedatu Nadu's General Store.
  1560 | D:2      | Bought a +0 buckler for 49 gold pieces
  1836 | D:2      | Found Hyopsan's Antique Weapon Emporium.
  2008 | D:2      | Found Cameloco's Jewellery Shoppe.
  2383 | D:2      | Reached XP level 4. HP: 31/32 MP: 0/0
  2498 | D:2      | Found Hewk's Assorted Antiques.
  2499 | D:2      | Found Wichosk's Book Boutique.
  2800 | D:3      | Reached skill level 1 in Shields
  3297 | D:3      | Reached skill level 2 in Fighting
  3309 | D:3      | Found a sparkling altar of Nemelex Xobeh.
  3312 | D:3      | Reached XP level 5. HP: 24/38 MP: 0/0
  3312 | D:3      | Learned a level 2 spell: Passwall
  3450 | D:3      | Found a stormy altar of Qazlal.
  3771 | D:4      | Found Soovioc's Antique Armour Emporium.
  3978 | D:4      | Bought a pair of steaming gloves for 228 gold pieces
  3978 | D:4      | Identified the +0 pair of gloves "Gyhi" {Dex+7} (You bought
                  | it in a shop on level 4 of the Dungeon)
  4111 | D:4      | Reached XP level 6. HP: 44/45 MP: 0/0
  4380 | D:4      | Identified the +1 scale mail of Inaction {rElec Regen+
                  | Str-3 Int+6}
  4399 | D:4      | Reached skill level 3 in Fighting
  4406 | D:4      | Reached XP level 7. HP: 47/50 MP: 0/0
  4406 | D:4      | Learned a level 3 spell: Inner Flame
  4842 | D:4      | Noticed Blork the orc
  4848 | D:4      | Killed Blork the orc
  5192 | D:4      | Reached skill level 4 in Fighting
  5215 | D:5      | Entered Level 5 of the Dungeon
  5581 | D:5      | Reached skill level 1 in Evocations
  5844 | D:5      | Reached XP level 8. HP: 51/58 MP: 0/0
  6191 | D:5      | Found a runed translucent door.
  6192 | D:5      | Noticed Crazy Yiuf
  6301 | D:5      | Killed Crazy Yiuf
  6507 | D:6      | Found a staircase to the Ecumenical Temple.
  6517 | D:6      | Found a sacrificial altar of Ru.
  6529 | Temple   | Entered the Ecumenical Temple
  7159 | D:6      | Found a broken altar of Ashenzari.
  7342 | D:6      | Noticed Maggie
  7350 | D:6      | Killed Maggie
  7351 | D:6      | Reached skill level 5 in Fighting
  7351 | D:6      | Reached skill level 5 in Spellcasting
  7630 | D:6      | Reached skill level 5 in Shields
  7630 | D:6      | Reached XP level 9. HP: 58/65 MP: 0/0
  7630 | D:6      | Learned a level 4 spell: Dispel Undead
  8235 | D:7      | Reached skill level 6 in Fighting
  8552 | D:7      | Reached skill level 7 in Fighting
  8851 | D:7      | Found the +8 storm bow {elec, penet}
  8977 | D:7      | Found a burning altar of Makhleb.
  8980 | D:7      | Found a blossoming altar of Fedhas.
  9317 | D:7      | Reached XP level 10. HP: 74/75 MP: 0/0
  9548 | D:8      | Found Viruihewk's Antique Weapon Emporium.
  9810 | D:8      | Noticed FizzleBangTC's ghost (novice MeEE)
  9831 | D:8      | Noticed a two-headed ogre
  9927 | D:8      | Found a shadowy altar of Dithmenos.
  9941 | D:8      | Reached skill level 8 in Fighting
  9952 | D:8      | Became a worshipper of Dithmenos the Shadowed
  9973 | D:8      | Found a transporter.
  9973 | D:8      | Found a transporter.
  9981 | D:8      | Noticed an oklob plant
 10121 | D:8      | Noticed Psyche
 10128 | D:8      | Killed Psyche
 10415 | D:9      | Identified the +1 leather armour of the Sun {rC+ rCorr
                  | Stlth+}
 11017 | D:9      | Reached skill level 9 in Fighting
 11113 | D:9      | Found a staircase to the Lair.
 11178 | D:9      | Reached skill level 1 in Armour
 11764 | D:10     | Entered Level 10 of the Dungeon
 11788 | D:10     | Reached * piety under Dithmenos
 12142 | D:10     | Reached XP level 11. HP: 83/84 MP: 0/0
 12142 | D:10     | Learned a level 4 spell: Hailstorm
 12640 | D:10     | Found a staircase to the Orcish Mines.
 12912 | D:11     | Reached skill level 10 in Fighting
 12957 | D:11     | Noticed a four-headed hydra
 12963 | D:11     | Killed a four-headed hydra
 13277 | D:11     | Noticed an orc knight
 13297 | D:11     | Shot with a bolt by an orc knight

Illustrated notes

Levels and vault maps discovered:
D:1:      dpeg_arrival_rooms_a, layout_rooms,
          shapermc_ecumenical_altar_flowoftime
D:2:      layout_basic, serial_shops, nicolae_shop_statue_plus, shop_coins,
          nicolae_shop_crystal, shop, nicolae_shop_hallway_plus
D:3:      layout_loops_ring, mainiacjoe_overflow_catwalk_spiral
D:4:      layout_loops_ring, serial_shops, nicolae_shop_trees,
          minmay_diced_spiral, uniq_blork_the_orc
D:5:      layout_gridville, uniq_crazy_yiuf_cottage
D:6:      layout_basic, chequers_temple_overflow_statue_of_worship,
          minmay_temple_entry_tees, minmay_unpleasant_kobolds, uniq_maggie
D:7:      layout_loops_ring, gammafunk_temple_overflow_forgotten, minivault_10,
          nicolae_underground_beach
D:8:      layout_gridville, grunt_dithmenos_smoke_and_mirrors, serial_shops,
          nicolae_shop_trees, nzn_ghost_randoct, uniq_psyche
D:9:      layout_roguey, lair_entry_dummy
D:10:     layout_basic, orc_0_dummy
D:11:     layout_roguey, special_room [special_room_orc],
          kennysheep_cluttered_room
Temple:   nicolae_temple_ecumenical_triangle

Skill      XL: |  1  2  3  4  5  6  7  8  9 10 11 |
---------------+----------------------------------+-----
Fighting       | 1 2 3 4 5 7 9 10 | 10.5
Spellcasting   | 3 4 5 6 8 |  8.8
Shields        | 1 2 3 5 |  5.0
Evocations     | 1 3 4 |  4.0
Armour         | 2 4 |  4.0
Dodging        | |  2.1
Stealth        | |  1.5

Action                   |  1- 3 |  4- 6 |  7- 9 | 10-12 || total
-------------------------+-------+-------+-------+-------++-------
Melee: Dagger            |     1 |       |    12 |    10 ||    23
 Cast: Sting             |    36 |       |       |       ||    36
       Sandblast         |    22 |    65 |    90 |    77 ||   254
       Poisonous Vapours |       |       |    54 |     7 ||    61
       Inner Flame       |       |       |     7 |     2 ||     9
       Mephitic Cloud    |       |       |     7 |     5 ||    12
       Olgreb's Toxic Ra |       |       |     1 |    12 ||    13
       Hailstorm         |       |       |       |     4 ||     4
  Use: Scroll            |       |    11 |     8 |     3 ||    22
       Potion            |       |       |     1 |       ||     1
 Stab: Confused          |       |       |     3 |       ||     3
       Sleeping          |       |       |     1 |       ||     1
Armor: Robe              |     6 |     2 |       |       ||     8
       Leather armour    |       |     5 |    12 |    32 ||    49
       Steam dragon scal |       |       |    16 |     4 ||    20
       Swamp dragon scal |       |       |     7 |       ||     7
Dodge: Dodged            |    20 |    20 |    66 |    65 ||   171
Block: Buckler           |     1 |     6 |    43 |    37 ||    87

Table legend: (Time is in decaauts)
 A = Elapsed time spent in this place.
 B = Non-inter-level travel time spent in this place.
 C = Inter-level travel time spent in this place.
 D = Time resting spent in this place.
 E = Time spent auto-exploring this place.
 F = Levels seen in this place.
 G = Mean time per level.
                   A        B        C        D        E       F      G
               +--------+--------+--------+--------+--------+-----+--------+
         Total |  13552 |  12982 |    570 |   2808 |   8286 |  12 | 1129.3 |
       Dungeon |  13493 |  12923 |    570 |   2808 |   8268 |  11 | 1226.6 |
        Temple |     59 |     59 |      0 |      0 |     18 |   1 |   59.0 |
               +--------+--------+--------+--------+--------+-----+--------+

Top non-repeatable levels by time:
     D:6: 1734 daAuts
     D:9: 1673 daAuts
     D:2: 1436 daAuts
     D:4: 1435 daAuts
     D:7: 1370 daAuts
     D:1: 1291 daAuts
     D:5: 1248 daAuts
     D:3: 1150 daAuts
     D:8: 873 daAuts
    D:10: 869 daAuts
    D:11: 408 daAuts
  Temple: 59 daAuts
